 Dungeon Crawl Stone Soup version 0.28.0-45-g0d030f2227 (webtiles) character file.

Game seed: 3942624782429129719

6970 sking99 the Martial Artist (level 10, -7/97 HPs)
             Began as a Red Draconian Transmuter on May 19, 2022.
             Was a High Priest of Dithmenos.
             Mangled by a warg (14 damage)
             ... on level 9 of the Dungeon.
             The game lasted 00:26:33 (11765 turns).

sking99 the Martial Artist (DrTm)                  Turns: 11765, Time: 00:26:33

Health: -7/97      AC:  7    Str: 19      XL:     10   Next: 81%
Magic:  5/14       EV: 11    Int: 13      God:    Dithmenos [*****.]
Gold:   1100       SH:  0    Dex: 15 (16) Spells: 5/14 levels left

rFire   x . .      SeeInvis .     - Unarmed
rCold   + + +      Faith    .   (shield currently unavailable)
rNeg    . . .      Spirit   .   (armour unavailable)
rPois   +          Reflect  .   (helmet currently unavailable)
rElec   .          Harm     .   (cloak currently unavailable)
rCorr   .          Rampage  .   (gloves currently unavailable)
Will    .....                   (boots currently unavailable)
Stlth   ++........              d - amulet of the acrobat
HPRegen 0.26/turn               b - +6 ring of strength
MPRegen 0.14/turn               p - ring of protection from cold

@: ice-form, wereblooded (expiring), very slightly contaminated, wreathed by
umbra
A: freezing attack, amphibious, boosted hp, (breathe fire), AC +7, large,
unfitting armour, (fire resistance 1), (cold-blooded), deterioration 1
a: End Transformation, Renounce Religion, Shadow Step, Shadow Form


You were on level 9 of the Dungeon.
You worshipped Dithmenos.
Dithmenos was extremely pleased with you.
You were a creature of crystalline ice.
You visited 1 branch of the dungeon, and saw 10 of its levels.
You also visited: Bailey.

You collected 1160 gold pieces.
You spent 60 gold pieces at shops.

Inventory:

Missiles
 s - 4 atropa-tipped darts
 v - 4 datura-tipped darts
Armour
 a - a +0 cloak (melded)
 g - a +0 pair of boots (melded)
 h - a +2 pair of gloves (melded)
Jewellery
 b - a +6 ring of strength (left front paw)
 d - an amulet of the acrobat (around neck)
 p - a ring of protection from cold (right front paw)
 y - a ring of protection from cold
 C - a ring of magical power
 E - a ring of flight
Wands
 e - a wand of mindburst (15)
 o - a wand of flame (32)
 t - a wand of iceblast (11)
 u - a wand of digging (3)
 z - a wand of polymorph (11)
 D - a wand of acid (9)
Scrolls
 f - 5 scrolls of enchant armour
 j - 6 scrolls of identify
 k - 2 scrolls of vulnerability
 l - a scroll of fog
 r - a scroll of teleportation
 A - a scroll of fear
 B - a scroll of immolation
 H - 2 scrolls of blinking
 I - a scroll of amnesia
Potions
 c - 2 potions of curing
 i - 4 potions of flight
 m - a potion of cancellation
 n - a potion of berserk rage
 q - 2 potions of heal wounds
 w - a potion of might
 x - a potion of brilliance
 F - a potion of haste
Miscellaneous
 G - a piece from Xom's chessboard (15/15)


   Skills:
 - Level 5.1 Fighting
 - Level 4.5 Dodging
 - Level 9.9 Unarmed Combat
 - Level 2.5 Spellcasting
 - Level 9.0 Transmutations
 - Level 4.0 Ice Magic
 - Level 3.0 Poison Magic
 + Level 6.0 Invocations


You had 5 spell levels left.
You knew the following spells:

 Your Spells              Type           Power      Damage    Failure   Level
a - Ice Form              Ice/Tmut       18%        N/A       17%         4
b - Wereblood             Tmut           25%        N/A       1%          2
c - Spider Form           Tmut/Pois      17%        N/A       6%          3

Your spell library contained the following spells:

 Spells                   Type           Power      Damage    Failure   Level
 Beastly Appendage        Tmut           50%        N/A       1%          1
 Ozocubu's Armour         Ice            12%        N/A       14%         3
 Ensorcelled Hibernation  Hex/Ice        12%        N/A       16%         2
 Animate Skeleton         Necr           2%         N/A       24%         1
 Pain                     Necr           4%         1d4       24%         1
 Summon Small Mammal      Summ           4%         N/A       24%         1
 Call Canine Familiar     Summ           1%         N/A       58%         3
 Summon Guardian Golem    Hex/Summ       1%         N/A       58%         3
 Vampiric Draining        Necr           1%         2d6       58%         3
 Anguish                  Hex/Necr       0%         N/A       94%         4
 Metabolic Englaciation   Hex/Ice        3%         N/A       96%         5
 Simulacrum               Ice/Necr       3%         N/A       100%        6


Dungeon Overview and Level Annotations

Branches:
Dungeon (10/15)            Temple (0/1) D:5          Bailey (visited)
   Lair: D:8-11         Orc: D:9-12

Altars:
Dithmenos

Shops:
D:8 *

Annotations:
D:5 2 runed translucent doors, SHADDY's ghost, amateur OpTm


Innate Abilities, Weirdness & Mutations

You are a creature of crystalline ice.
You have a powerful freezing melee attack.
You are amphibious.
Your maximum health is increased.
Your armour is entirely melded.
You are incapable of wielding weapons or throwing items.
((You can breathe blasts of fire.))
((Your fiery red scales are hard. (AC +7)))
You cannot fit into any form of body armour.
((Your flesh is heat resistant. (rF+)))
((You are cold-blooded and may be slowed by cold attacks.))
Your body sometimes deteriorates upon taking damage.


Message History

The warg completely misses you.
There is an open door here.
The orc priest begins to cast a cantrip, but forgets the words!
The warg completely misses you. The warg bites you!
The orc priest looks satisfied for a moment.
The warg barely misses you. The warg completely misses you.
The orc priest mumbles some strange prayers to Beogh against you.
Beogh smites you! The warg completely misses you.
The warg completely misses you.
The orc priest invokes the aid of Beogh against you.
Beogh smites you!
* * * LOW HITPOINT WARNING * * *
Your body deteriorates!
You feel clumsy. The warg completely misses you.
Your primal bloodlust is almost over.
There is a stone staircase leading up here.
The warg bites you!
* * * LOW HITPOINT WARNING * * *
You climb upwards.
There is a stone staircase leading down here.
You punch the warg! You freeze the warg.
The warg is severely wounded.
The warg bites you.
* * * LOW HITPOINT WARNING * * *
The warg barely misses you.
Casting: Wereblood (safe; 1% risk of failure)
Confirm with . or Enter, or press ? or * to list all spells.
You miscast Ice Form.
You are very lightly contaminated with residual magic.
Multicoloured lights dance before your eyes.
Your transformation is almost over.
The warg bites you but does no damage.
Casting: Ice Form (dangerous; 17% risk of failure)
Confirm with . or Enter, or press ? or * to list all spells.
You extend your transformation's duration.
The warg bites you!
You die...

...##.>......######...###..#.....
...###.....#.### ##..##..####...
..####.....#...## #...###..##...#
...........#....###.#.....###..##
.......>............#.#........##
......................###.##.....
................#.#.......####...
..........#.....#h.<...##........
..........#.....Y.##...##........
..........#.......####..#........
...............>..####.......#...
#...#.....####.........<.##..#.#.
#..######.................##...##
##.# #..#..........##..##....#
### ##.##..........#.......##
####................###
##.............#.##


You could see a warg.

Vanquished Creatures
  2 two-headed ogres (D:10)
  An orc knight (Bailey)
  2 kobold demonologists (D:9)
  A komodo dragon (D:8)
  A troll (D:10)
  Prince Ribbit (D:8)
  A wyvern (D:9)
  3 steam dragons
  Menkaure (D:6)
  2 water moccasins
  6 orc warriors
  A sky beast (D:6)
  2 black bears (D:6)
  2 ogres (D:7)
  A necrophage (D:4)
  5 centaurs
  Blork the orc (D:5)
  9 kobold brigands
  2 bullfrogs
  A gnoll sergeant (D:8)
  2 howler monkeys
  4 wights (D:9)
  2 orc priests
  A hound (D:6)
  A centaur skeleton (D:5)
  2 iguanas
  7 orc wizards
  3 hound skeletons
  11 gnolls
  A howler monkey skeleton (D:4)
  7 adders
  A shadow imp (D:5)
  A white imp (D:8)
  2 adder skeletons (D:4)
  3 worms
  6 dart slugs (D:1)
  40 orcs
  5 endoplasms
  4 giant cockroaches
  10 goblins
  2 hobgoblins
  3 quokkas
  7 ball pythons
  2 bats
  7 frilled lizards
  23 kobolds
  7 rats
209 creatures vanquished.

Vanquished Creatures (others)
  A white imp (D:8)
  4 plants (D:2)
5 creatures vanquished.

Grand Total: 214 creatures vanquished

Notes
Turn   | Place    | Note
-------+----------+-------------------------------------------
     0 | D:1      | sking99 the Draconian Transmuter began the quest for the
                  | Orb.
     0 | D:1      | Reached XP level 1. HP: 16/16 MP: 3/3
   212 | D:1      | Reached XP level 2. HP: 23/23 MP: 3/5
   347 | D:1      | Found a faded altar of an unknown god.
   357 | D:1      | Prayed at the altar of an unknown god.
   357 | D:1      | Became a worshipper of Dithmenos the Shadowed
   357 | D:1      | Reached * piety under Dithmenos
   802 | D:1      | Reached XP level 3. HP: 29/29 MP: 6/6
   805 | D:1      | Learned a level 2 spell: Wereblood
   809 | D:1      | Learned a level 3 spell: Spider Form
  1991 | D:2      | Reached ** piety under Dithmenos
  2070 | D:2      | Reached XP level 4. HP: 31/36 MP: 4/7
  2150 | D:3      | Reached skill level 1 in Poison Magic
  2311 | D:3      | Found a shadowy altar of Dithmenos.
  2324 | D:3      | Identified the +2 ring mail of an ossuary {Rampage rElec
                  | Int+4 Slay-3}
  2580 | D:3      | Reached XP level 5. HP: 34/41 MP: 6/8
  3476 | D:4      | Reached *** piety under Dithmenos
  3576 | D:4      | Noticed a necrophage
  3599 | D:4      | Killed a necrophage
  3600 | D:4      | Reached XP level 6. HP: 20/48 MP: 7/9
  3894 | D:5      | Entered Level 5 of the Dungeon
  4178 | D:5      | Noticed Blork the orc
  4615 | D:5      | Found a staircase to the Ecumenical Temple.
  4929 | D:5      | Your scales start taking on a fiery red colour.
  4929 | D:5      | Reached XP level 7. HP: 52/57 MP: 6/10
  4929 | D:5      | Gained mutation: Your flesh is heat resistant. (rF+) [Red
                  | Draconian growth]
  5084 | D:5      | Found a runed translucent door.
  5091 | D:5      | Killed Blork the orc
  5092 | D:5      | Reached skill level 5 in Unarmed Combat
  5147 | D:5      | Noticed SHADDY's ghost (amateur OpTm)
  5323 | D:5      | Found a runed translucent door.
  5685 | D:6      | Noticed Menkaure
  5976 | D:6      | Reached XP level 8. HP: 53/66 MP: 8/11
  6059 | D:6      | Killed Menkaure
  6130 | D:6      | Reached **** piety under Dithmenos
  6228 | D:6      | Reached skill level 5 in Fighting
  6770 | D:7      | Learned a level 4 spell: Ice Form
  7096 | D:7      | Reached skill level 1 in Ice Magic
  7183 | D:7      | Found a flagged portal.
  7201 | Bailey   | Entered a bailey
  7474 | Bailey   | Reached skill level 5 in Transmutations
  7474 | Bailey   | Reached XP level 9. HP: 62/74 MP: 8/12
  7528 | Bailey   | Noticed an orc knight
  7564 | Bailey   | Killed an orc knight
  7721 | Bailey   | Found a burning altar of Makhleb.
  8706 | D:8      | Noticed a komodo dragon
  8715 | D:8      | Killed a komodo dragon
  8836 | D:8      | Reached XP level 10. HP: 68/81 MP: 10/13
  8982 | D:8      | Identified the +1 robe of Havynkoce {+Inv rN+ Will-}
  9065 | D:8      | Found Haih's CLEARANCE SALE!.
  9073 | D:8      | Bought a potion of haste for 60 gold pieces
  9087 | D:8      | Noticed Prince Ribbit
  9099 | D:8      | Killed Prince Ribbit
  9285 | D:8      | Reached ***** piety under Dithmenos
  9765 | D:9      | Noticed a sixfirhy
 10322 | D:9      | Noticed a rust devil
 10331 | D:9      | Gained mutation: Your body sometimes deteriorates upon
                  | taking damage. [a neqoxec]
 11130 | D:10     | Entered Level 10 of the Dungeon
 11434 | D:10     | Noticed a two-headed ogre
 11434 | D:10     | Noticed a two-headed ogre
 11444 | D:10     | Killed a two-headed ogre
 11448 | D:10     | Killed a two-headed ogre
 11765 | D:9      | Mangled by a warg

Illustrated notes

Levels and vault maps discovered:
D:1:      zelgadis_glass_arrival_small, layout_basic,
          ebering_ecumenical_altar_rust, kennysheep_another_room
D:2:      cheibrodos_old_hovel, layout_basic
D:3:      layout_rooms, mainiacjoe_overflow_boulevard,
          chequers_serial_rivers_room_a, kennysheep_generic_room_8
D:4:      layout_basic
D:5:      layout_loops_ring, temple_doors_cd, ebering_ghost_sewer_f,
          corexii_hall_statues_x, uniq_blork_the_orc
D:6:      layout_cave_pools, uniq_menkaure
D:7:      cheibrodos_steamvent, layout_loops_corners, enter_bailey_3
D:8:      layout_loops_ring, serial_aquarium, aquarium_bridge_long_separate
          [aquarium_subvault_window, aquarium_subvault_bridge,
          aquarium_subvault_window, aquarium_subvault_bridge,
          aquarium_subvault_window, aquarium_subvault_bridge],
          aquarium_window_2, aquarium_window_fake, aquarium_window_2,
          aquarium_view_2f, aquarium_balcony_3b, aquarium_pool_2,
          nicolae_shop_clearance, uniq_prince_ribbit1
D:9:      layout_cave_pools, minmay_fountain_box
D:10:     layout_cave_pools, erik_lair_dragon, david_orc_1_choice

Skill      XL: |  1  2  3  4  5  6  7  8  9 10 |
---------------+-------------------------------+-----
Dodging        | 2 3 4 |  4.5
Poison Magic   | 1 3 |  3.0
Transmutations | 3 4 5 7 9 |  9.0
Fighting       | 2 3 4 5 |  5.1
Unarmed Combat | 4 6 7 8 9 |  9.9
Ice Magic      | 1 3 4 |  4.0
Invocations    | 6 |  6.0
Spellcasting   | |  2.5

Action                   |  1- 3 |  4- 6 |  7- 9 | 10-12 || total
-------------------------+-------+-------+-------+-------++-------
Melee: Unarmed           |   111 |   229 |   276 |    81 ||   697
       Tailslap          |    11 |    19 |     8 |       ||    38
       Headbutt          |     4 |    20 |       |       ||    24
       Kick              |    13 |    36 |       |       ||    49
       Punch             |       |     5 |     2 |     1 ||     8
 Cast: Beastly Appendage |    12 |    17 |       |       ||    29
       Spider Form       |       |     7 |    34 |       ||    41
       Wereblood         |       |       |     4 |     1 ||     5
       Ice Form          |       |       |       |    13 ||    13
 Abil: Breathe Fire      |       |       |     2 |       ||     2
  Use: Scroll            |       |     8 |     5 |     5 ||    18
       Potion            |       |       |     1 |     1 ||     2
 Stab: Sleeping          |     1 |     2 |       |     1 ||     4
Armor: Skin              |    30 |    61 |    24 |    29 ||   144
Dodge: Dodged            |    70 |   154 |   254 |    90 ||   568
